TOP OF THE 1ST |
Jackson Generals batting - Pitching for Akron RubberDucks : RHP Ferdi Schipper
|
Pitching: RHP Ferdi Schipper
|
|
Batting: RHB Tomokazu Sugimoto
|
0-0: Ball 1-0: Called Strike 1-1: Foul Ball, location: 2F 1-2: Foul Ball, location: 2F 1-2: Foul Ball, location: 2F 1-2: Strikes out looking
|
Batting: RHB Enrique Valdez
|
0-0: Ball 1-0: Ball 2-0: Ball 3-0: Called Strike 3-1: Ground out 4-3 (Groundball, 4, EV 101.2 MPH)
|
Batting: RHB Adan Lake
|
0-0: Ball 1-0: Foul Ball, location: 2F 1-1: Foul Ball, location: 2F 1-2: Ball 2-2: Strikes out swinging
|
Top of the 1st over - 0 runs, 0 hits, 0 errors, 0 left on base; Jackson 0 - Akron 0 |
BOTTOM OF THE 1ST |
Akron RubberDucks batting - Pitching for Jackson Generals : RHP Jose Lomas
|
Pitching: RHP Jose Lomas
|
|
Batting: LHB Robby Dann
|
0-0: Ball 1-0: Ground out 4-3 (Groundball, 4, EV 85.0 MPH)
|
Batting: LHB Kazuyoshi Nakamura
|
0-0: Ball 1-0: Ball 2-0: Ball 3-0: Base on Balls
|
Batting: SHB Valentin Laporte
|
0-0: Called Strike 0-1: Grounds into double play, 4-6-3 (Groundball, 4, EV 87.5 MPH)
|
Bottom of the 1st over - 0 runs, 0 hits, 0 errors, 0 left on base; Jackson 0 - Akron 0 |
TOP OF THE 2ND |
Jackson Generals batting - Pitching for Akron RubberDucks : RHP Ferdi Schipper
|
Batting: RHB Julian Gregory
|
0-0: Ball 1-0: Called Strike 1-1: Called Strike 1-2: Ball 2-2: Strikes out swinging
|
Batting: RHB Kagetoki Kawai
|
0-0: Swinging Strike 0-1: DOUBLE (Line Drive, 7LM, EV 96.9 MPH)
|
Batting: SHB Brendan Bundy
|
0-0: Called Strike 0-1: Ball 1-1: Ground out 4-3 (Groundball, 4, EV 85.0 MPH) Kagetoki Kawai to third
|
Batting: LHB Brent Dutcher
|
0-0: Ball 1-0: Swinging Strike 1-1: Ball 2-1: Ball 3-1: Foul Ball, location: 2F 3-2: Strikes out swinging
|
Top of the 2nd over - 0 runs, 1 hit, 0 errors, 1 left on base; Jackson 0 - Akron 0 |
BOTTOM OF THE 2ND |
Akron RubberDucks batting - Pitching for Jackson Generals : RHP Jose Lomas
|
Batting: RHB Tristan Wright
|
0-0: Foul Ball, location: 2F 0-1: Fly out, F7 (Line Drive, 7LM, EV 91.2 MPH)
|
Batting: LHB Esteban Cordova
|
0-0: Ball 1-0: Foul Ball, location: 2F 1-1: Called Strike 1-2: Foul Ball, location: 2F 1-2: Foul Ball, location: 2F 1-2: Ball 2-2: Foul Ball, location: 2F 2-2: Ball 3-2: DOUBLE (Groundball, 5L, EV 101.2 MPH)
|
Batting: LHB Frank Hill
|
0-0: Ball 1-0: Ball 2-0: Ball 3-0: Foul Ball, location: 2F 3-1: SINGLE (Line Drive, 9S, EV 96.9 MPH) Esteban Cordova to third Runner from 3rd tries for Home, SAFE, throw by RF to home
|
Batting: SHB Jarrod Lindblad
|
0-0: Ball 1-0: SINGLE (Groundball, 34S, EV 65.0 MPH) (infield hit) Frank Hill to second
|
Batting: SHB Javon Mitchell
|
0-0: Called Strike 0-1: Swinging Strike 0-2: Ball 1-2: Strikes out swinging
|
Batting: RHB Charles Marcel
|
0-0: Foul Ball, location: 2F 0-1: Ball 1-1: Foul Ball, location: 2F 1-2: Ball 2-2: Ball 3-2: Ground out 6-3 (Groundball, 6, EV 108.8 MPH)
|
Bottom of the 2nd over - 1 run, 3 hits, 0 errors, 2 left on base; Jackson 0 - Akron 1 |
TOP OF THE 3RD |
Jackson Generals batting - Pitching for Akron RubberDucks : RHP Ferdi Schipper
|
Batting: RHB Victor Rosas
|
0-0: Swinging Strike 0-1: Foul Ball, location: 2F 0-2: Ball 1-2: Ball 2-2: Strikes out swinging
|
Batting: RHB Egidius Kruger
|
0-0: Foul Ball, location: 2F 0-1: Ball 1-1: Ball 2-1: Ground out 5-3 (Groundball, 56D, EV 106.2 MPH)
|
Batting: RHB Tomokazu Sugimoto
|
0-0: Ball 1-0: Ground out U3 (Groundball, 34, EV 84.4 MPH)
|
Top of the 3rd over - 0 runs, 0 hits, 0 errors, 0 left on base; Jackson 0 - Akron 1 |
BOTTOM OF THE 3RD |
Akron RubberDucks batting - Pitching for Jackson Generals : RHP Jose Lomas
|
Batting: LHB Robby Dann
|
0-0: Ball 1-0: Foul Ball, location: 2F 1-1: Foul Ball, location: 2F 1-2: Ball 2-2: Foul Ball, location: 2F 2-2: Ball 3-2: Base on Balls
|
Batting: LHB Kazuyoshi Nakamura
|
0-0: Ball Robby Dann is caught stealing 2nd base 2-6 1-0: Ball 2-0: Called Strike 2-1: Foul Ball, location: 2F 2-2: Ball 3-2: Fly out, F5 (Popup, 56S, EV 70.6 MPH)
|
Batting: SHB Valentin Laporte
|
0-0: Ball 1-0: SINGLE (Line Drive, 78S, EV 112.5 MPH)
|
Batting: RHB Tristan Wright
|
0-0: Ball Valentin Laporte steals 2nd base 1-0: Ball 2-0: Ground out 6-3 (Groundball, 6, EV 98.8 MPH)
|
Bottom of the 3rd over - 0 runs, 1 hit, 0 errors, 1 left on base; Jackson 0 - Akron 1 |
TOP OF THE 4TH |
Jackson Generals batting - Pitching for Akron RubberDucks : RHP Ferdi Schipper
|
Batting: RHB Enrique Valdez
|
0-0: DOUBLE (Flyball, 78D, EV 94.4 MPH)
|
Batting: RHB Adan Lake
|
0-0: Called Strike 0-1: Ball 1-1: Ball 2-1: Ball Wild Pitch! Enrique Valdez to third 3-1: SINGLE (Groundball, 15S, EV 66.9 MPH) (infield hit)
|
Batting: RHB Julian Gregory
|
0-0: Ball 1-0: Called Strike 1-1: Grounds into double play, 6-4-3 (Groundball, 6, EV 98.1 MPH) Enrique Valdez scores
|
Batting: RHB Kagetoki Kawai
|
0-0: SINGLE (Line Drive, 9LS, EV 104.4 MPH)
|
Batting: SHB Brendan Bundy
|
0-0: Foul Ball, location: 2F 0-1: Ball Kagetoki Kawai steals 2nd, throwing error, E2 Kagetoki Kawai to third 1-1: Called Strike 1-2: Foul Ball, location: 2F 1-2: Foul Ball, location: 2F 1-2: Ball 2-2: Ball 3-2: Strikes out swinging
|
Top of the 4th over - 1 run, 3 hits, 1 error, 1 left on base; Jackson 1 - Akron 1 |
BOTTOM OF THE 4TH |
Akron RubberDucks batting - Pitching for Jackson Generals : RHP Jose Lomas
|
Batting: LHB Esteban Cordova
|
0-0: Ball 1-0: Ball 2-0: Called Strike 2-1: Called Strike 2-2: Strikes out swinging, 2-3 out at first.
|
Batting: LHB Frank Hill
|
0-0: Ball 1-0: Ball 2-0: Fly out, F9 (Flyball, 89M, EV 97.5 MPH)
|
Batting: SHB Jarrod Lindblad
|
0-0: Ball 1-0: Ball 2-0: Called Strike 2-1: Ball 3-1: Ground out 5-3 (Groundball, 56, EV 107.5 MPH)
|
Bottom of the 4th over - 0 runs, 0 hits, 0 errors, 0 left on base; Jackson 1 - Akron 1 |
TOP OF THE 5TH |
Jackson Generals batting - Pitching for Akron RubberDucks : RHP Ferdi Schipper
|
Batting: LHB Brent Dutcher
|
0-0: Ball 1-0: Ball 2-0: Swinging Strike 2-1: Called Strike 2-2: Ball 3-2: Strikes out looking
|
Batting: RHB Victor Rosas
|
0-0: Foul Ball, location: 2F 0-1: Foul Ball, location: 2F 0-2: Ground out 5-3 (Groundball, 56, EV 84.4 MPH)
|
Batting: RHB Egidius Kruger
|
0-0: Ball 1-0: Ground out 4-3 (Groundball, 4M, EV 78.1 MPH)
|
Top of the 5th over - 0 runs, 0 hits, 0 errors, 0 left on base; Jackson 1 - Akron 1 |
BOTTOM OF THE 5TH |
Akron RubberDucks batting - Pitching for Jackson Generals : RHP Jose Lomas
|
Batting: SHB Javon Mitchell
|
0-0: Ball 1-0: Ball 2-0: Ball 3-0: Base on Balls
|
Batting: RHB Charles Marcel
|
0-0: Ball Javon Mitchell is caught stealing 2nd base 2-4 1-0: Ball 2-0: Ball 3-0: Called Strike 3-1: Base on Balls
|
Batting: LHB Robby Dann
|
0-0: Ball 1-0: Foul Ball, location: 2F 1-1: Called Strike 1-2: SINGLE (Groundball, 6S, EV 63.8 MPH) (infield hit) Charles Marcel to second
|
Batting: LHB Kazuyoshi Nakamura
|
0-0: Ball 1-0: Ball 2-0: Called Strike 2-1: Foul Ball, location: 2F 2-2: Foul Ball, location: 2F 2-2: Fielders Choice at 2nd, 4-6 (Groundball, 4, EV 89.4 MPH) Charles Marcel to third
|
Pitching: LHP Kevin Roberts
|
|
Batting: SHB Valentin Laporte
|
0-0: Called Strike 0-1: Ball 1-1: Ball 2-1: Foul Ball, location: 2F 2-2: Ball 3-2: Base on Balls Kazuyoshi Nakamura to second
|
Batting: RHB Tristan Wright
|
0-0: Ball 1-0: Ball 2-0: Foul Ball, location: 2F 2-1: Ball 3-1: Called Strike 3-2: SINGLE (Groundball, 56D, EV 100.6 MPH) Charles Marcel scores Kazuyoshi Nakamura to third Valentin Laporte to second Kazuyoshi Nakamura scores Valentin Laporte to third
|
Batting: LHB Esteban Cordova
|
0-0: Ball Tristan Wright steals 2nd base 1-0: Ball 2-0: Called Strike 2-1: Ground out 3-1 (Groundball, 34, EV 91.2 MPH)
|
Bottom of the 5th over - 2 runs, 2 hits, 0 errors, 2 left on base; Jackson 1 - Akron 3 |
TOP OF THE 6TH |
Jackson Generals batting - Pitching for Akron RubberDucks : RHP Ferdi Schipper
|
Batting: RHB Tomokazu Sugimoto
|
0-0: Foul Ball, location: 2F 0-1: Ball 1-1: Foul Ball, location: 2F 1-2: Strikes out swinging
|
Batting: RHB Enrique Valdez
|
0-0: Ball 1-0: Ball 2-0: Ball 3-0: Called Strike 3-1: Called Strike 3-2: Strikes out looking
|
Batting: RHB Adan Lake
|
0-0: Ball 1-0: DOUBLE (Line Drive, 9LD, EV 105.6 MPH)
|
Batting: RHB Julian Gregory
|
0-0: Ball 1-0: Ball Passed Ball! Adan Lake to third 2-0: Called Strike 2-1: Ball 3-1: Base on Balls
|
Batting: RHB Kagetoki Kawai
|
0-0: Called Strike 0-1: Ball 1-1: Called Strike 1-2: Ball 2-2: Foul Ball, location: 2F 2-2: Ball 3-2: Strikes out swinging
|
Top of the 6th over - 0 runs, 1 hit, 0 errors, 2 left on base; Jackson 1 - Akron 3 |
BOTTOM OF THE 6TH |
Akron RubberDucks batting - Pitching for Jackson Generals : LHP Kevin Roberts
|
Pinch Hitting: RHB Kaoru Toda
|
0-0: Ball 1-0: Ball 2-0: Swinging Strike 2-1: Swinging Strike 2-2: Fly out, F4 (Line Drive, 4, EV 66.2 MPH)
|
Batting: SHB Jarrod Lindblad
|
0-0: Foul Ball, location: 2F 0-1: Ball 1-1: Fly out, F7 (Flyball, 78M, EV 98.1 MPH)
|
Batting: SHB Javon Mitchell
|
0-0: SINGLE (Line Drive, 34, EV 95.0 MPH)
|
Batting: RHB Charles Marcel
|
0-0: Called Strike 0-1: Foul Ball, location: 2F 0-2: SINGLE (Groundball, 3D, EV 100.6 MPH) Javon Mitchell to second Runner from 2nd tries for 3rd, SAFE, throw by RF made at trailing runner, OUT! 9-6
|
Bottom of the 6th over - 0 runs, 2 hits, 0 errors, 1 left on base; Jackson 1 - Akron 3 |
TOP OF THE 7TH |
Jackson Generals batting - Pitching for Akron RubberDucks : RHP Ferdi Schipper
|
Pitching: RHP Jared Van Heel
|
|
Now in LF: Justin Lauderdale
|
|
Batting: SHB Brendan Bundy
|
0-0: Ball 1-0: Ball 2-0: Ball 3-0: Base on Balls
|
Batting: LHB Brent Dutcher
|
0-0: Called Strike 0-1: Ball 1-1: Bunted foul 1-2: Ball 2-2: Ball 3-2: Base on Balls Brendan Bundy to second
|
Batting: RHB Victor Rosas
|
0-0: Ball 1-0: Fielders Choice at 2nd, 3-6 (Groundball, 13, EV 88.8 MPH) Brendan Bundy to third
|
Pinch Hitting: LHB Mario Cardona
|
0-0: Swinging Strike 0-1: Called Strike 0-2: Strikes out swinging
|
Batting: RHB Tomokazu Sugimoto
|
0-0: Ground out 5-3 (Groundball, 56S, EV 82.5 MPH)
|
Top of the 7th over - 0 runs, 0 hits, 0 errors, 2 left on base; Jackson 1 - Akron 3 |
BOTTOM OF THE 7TH |
Akron RubberDucks batting - Pitching for Jackson Generals : LHP Kevin Roberts
|
Pitching: RHP Raul Lopez
|
|
Now at SS: Mario Cardona
|
|
Batting: LHB Robby Dann
|
0-0: Ball 1-0: Foul Ball, location: 2F 1-1: Foul Ball, location: 2F 1-2: Foul Ball, location: 2F 1-2: Foul Ball, location: 2F 1-2: SOLO HOME RUN (Flyball, 9D, EV 96.2 MPH), Distance : 361 ft
|
Batting: LHB Kazuyoshi Nakamura
|
0-0: Called Strike 0-1: Called Strike 0-2: Ground out U3 (Groundball, 3S, EV 69.4 MPH)
|
Batting: SHB Valentin Laporte
|
0-0: Foul Ball, location: 2F 0-1: Foul Ball, location: 2F 0-2: Ball 1-2: Fly out, F9 (Flyball, 9, EV 89.4 MPH)
|
Batting: RHB Tristan Wright
|
0-0: Called Strike 0-1: SINGLE (Line Drive, 6D, EV 98.8 MPH)
|
Batting: LHB Esteban Cordova
|
0-0: Called Strike 0-1: Fly out, F7 (Flyball, 7, EV 95.0 MPH)
|
Bottom of the 7th over - 1 run, 2 hits, 0 errors, 1 left on base; Jackson 1 - Akron 4 |
TOP OF THE 8TH |
Jackson Generals batting - Pitching for Akron RubberDucks : RHP Jared Van Heel
|
Now at 1B: Willie Gonzales
|
|
Batting: RHB Enrique Valdez
|
0-0: Swinging Strike 0-1: Ball 1-1: Swinging Strike 1-2: Strikes out swinging
|
Batting: RHB Adan Lake
|
0-0: Ball 1-0: Ball 2-0: Ball 3-0: Called Strike 3-1: Ground out 6-3 (Groundball, 6, EV 88.8 MPH)
|
Batting: RHB Julian Gregory
|
0-0: Ball 1-0: Called Strike 1-1: Foul Ball, location: 2F 1-2: Strikes out swinging
|
Top of the 8th over - 0 runs, 0 hits, 0 errors, 0 left on base; Jackson 1 - Akron 4 |
BOTTOM OF THE 8TH |
Akron RubberDucks batting - Pitching for Jackson Generals : RHP Raul Lopez
|
Pitching: RHP Jose Acevedo
|
|
Batting: RHB Justin Lauderdale
|
0-0: Ball 1-0: Ball 2-0: Swinging Strike 2-1: Foul Ball, location: 2F 2-2: Strikes out swinging
|
Batting: SHB Jarrod Lindblad
|
0-0: Ball 1-0: Ball 2-0: Ball 3-0: Called Strike 3-1: Base on Balls
|
Batting: SHB Javon Mitchell
|
0-0: Ball 1-0: Called Strike 1-1: Ball 2-1: Swinging Strike 2-2: Ball 3-2: Foul Ball, location: 2F 3-2: Fielders Choice at 2nd, 6-4 (Groundball, 6, EV 80.0 MPH)
|
Batting: RHB Charles Marcel
|
0-0: Foul Ball, location: 2F 0-1: Ball Javon Mitchell steals 2nd base 1-1: Ball 2-1: Ball 3-1: Swinging Strike 3-2: DOUBLE (Line Drive, 9LM, EV 103.8 MPH) Javon Mitchell scores
|
Batting: LHB Robby Dann
|
0-0: Called Strike 0-1: Ball 1-1: Swinging Strike 1-2: Ball 2-2: SINGLE (Groundball, 4MS, EV 66.9 MPH) (infield hit) Charles Marcel to third
|
Batting: RHB Willie Gonzales
|
0-0: 3-RUN HOME RUN (Flyball, 9LD, EV 92.5 MPH), Distance : 344 ft
|
Pitching: LHP Ben Burton
|
|
Batting: SHB Valentin Laporte
|
0-0: Called Strike 0-1: Ball 1-1: Foul Ball, location: 2F 1-2: Foul Ball, location: 2F 1-2: Foul Ball, location: 2F 1-2: Ball 2-2: Foul Ball, location: 2F 2-2: Ball 3-2: DOUBLE (Popup, 6MD, EV 47.5 MPH)
|
Pinch Hitting: RHB Chris Fitzgerald
|
0-0: Called Strike 0-1: Swinging Strike 0-2: Strikes out swinging
|
Bottom of the 8th over - 4 runs, 4 hits, 0 errors, 1 left on base; Jackson 1 - Akron 8 |
TOP OF THE 9TH |
Jackson Generals batting - Pitching for Akron RubberDucks : RHP Jared Van Heel
|
Now at 2B: Chris Fitzgerald
|
|
Batting: RHB Kagetoki Kawai
|
0-0: Called Strike 0-1: Ball 1-1: Swinging Strike 1-2: Ground out 6-3 (Groundball, 6, EV 84.4 MPH)
|
Batting: SHB Brendan Bundy
|
0-0: Ball 1-0: Called Strike 1-1: Ball 2-1: Ball 3-1: Ground out 4-3 (Groundball, 4, EV 86.2 MPH)
|
Batting: LHB Brent Dutcher
|
0-0: Swinging Strike 0-1: Called Strike 0-2: Strikes out looking
|
Top of the 9th over - 0 runs, 0 hits, 0 errors, 0 left on base; Jackson 1 - Akron 8 |
|